 Dungeon Crawl Stone Soup version 0.18.1-48-g4cf74bf (webtiles) character file.

97726 dawcakrwi the Unseen (level 15, -5/72 HPs)
             Began as a Felid Enchanter on Sept 11, 2016.
             Was the Champion of Dithmenos.
             Slain by a black mamba (11 damage)
             ... on level 3 of the Snake Pit on Sept 12, 2016.
             The game lasted 03:55:35 (48007 turns).

dawcakrwi the Unseen (Felid Enchanter)             Turns: 48007, Time: 03:55:36

Health: -5/72      AC:  3    Str:  7    XL:     15   Next: 72%
Magic:  17/31      EV: 37    Int: 18    God:    Dithmenos [******]
Gold:   1106       SH:  0    Dex: 28    Spells: 7 memorised, 11 levels left
                                        Lives:  0   Deaths: 4

rFire  . . .     SeeInvis +       - Unarmed
rCold  + . .     Gourm    .     (armour unavailable)
rNeg   . . .     Faith    .     (shield unavailable)
rPois  .         Spirit   .     (helmet unavailable)
rElec  .         Dismiss  .     (cloak unavailable)
rCorr  .         Reflect  .     (gloves unavailable)
SustAt .         Harm     .     (boots unavailable)
MR     ++...                    y - amulet of magic regeneration
Stlth  ++++++++++               O - +3 ring of strength
                                w - +6 ring of dexterity

@: lethally poisoned (-5 -> -41), about to teleport, wreathed by umbra, quick,
very resistant to hostile enchantments, uncannily stealthy
A: no armour, no weapons or thrown items, claws 1, fangs 3, see invisible,
carnivore 3, speed 1, shaggy fur 3, slow metabolism 1, sharp paws
a: Shadow Step, Shadow Form, Renounce Religion


You were on level 3 of the Snake Pit.
You worshipped Dithmenos.
Dithmenos was exalted by your worship.
You were very full.

You visited 8 branches of the dungeon, and saw 35 of its levels.
You visited the Abyss 2 times.
You also visited: Sewer, Ice Cave and Volcano.

You collected 3863 gold pieces.
You spent 2757 gold pieces at shops.

Inventory:

Jewellery
 w - a +6 ring of dexterity (left paw)
 y - an amulet of magic regeneration (around neck)
 A - an uncursed ring of wizardry
 H - an uncursed ring of flight
 K - an uncursed ring of fire
 L - an uncursed amulet of the gourmand
 N - an uncursed ring of positive energy
 O - a +3 ring of strength (right paw)
 V - an uncursed ring of resist corrosion
Wands
 n - a wand of iceblast (8/15)
 o - a wand of acid (11/15)
 s - a wand of teleportation (3/9)
 B - a wand of slowing (8/48)
 J - a wand of paralysis (13/24)
 Q - a wand of disintegration (4/24)
 R - a wand of lightning (11/15)
 U - a wand of digging (16/24)
Scrolls
 e - 6 scrolls of fog
 f - 6 scrolls of teleportation
 i - 6 scrolls of magic mapping
 l - 4 scrolls of recharging
 q - 7 scrolls of identify
 t - 5 scrolls of fear
 E - 9 scrolls of remove curse
 G - 7 scrolls of amnesia
 M - 2 scrolls of blinking
 P - a scroll of silence
Potions
 c - 3 potions of flight
 d - a potion of cure mutation
 g - 10 potions of might
 h - 6 potions of brilliance
 j - 5 potions of haste
 m - 6 potions of curing
 u - 3 potions of mutation
 v - 3 potions of agility
 C - 2 potions of resistance
 F - a potion of berserk rage
 I - a potion of ambrosia
Books
 a - a book of Maledictions

   Spells                             Type                      Level
   a - Corona                         Hexes                        1
   b - Ensorcelled Hibernation        Hexes/Ice                    2
   c - Confuse                        Hexes                        3
   d - Tukima's Dance                 Hexes                        3
   e - Dazzling Spray                 Conjuration/Hexes            3
 k - a book of Dreams

   Spells                             Type                      Level
   a - Ensorcelled Hibernation        Hexes/Ice                    2
   b - Silence                        Hexes/Air                    5
   c - Darkness                       Hexes                        6
   d - Shadow Creatures               Summoning                    6
 p - a book of Envenomations

   Spells                             Type                      Level
   a - Spider Form                    Transmutation/Poison         3
   b - Olgreb's Toxic Radiance        Poison                       4
   c - Alistair's Intoxication        Transmutation/Poison         5
   d - Poisonous Cloud                Conjuration/Poison/Air       6
 x - a book of the Sky

   Spells                             Type                      Level
   a - Summon Lightning Spire         Summoning/Air                4
   b - Airstrike                      Air                          4
   c - Silence                        Hexes/Air                    5
   d - Deflect Missiles               Charms/Air                   6
   e - Conjure Ball Lightning         Conjuration/Air              6
   f - Tornado                        Air                          9
 z - a book of the Earth

   Spells                             Type                      Level
   a - Leda's Liquefaction            Hexes/Earth                  4
   b - Bolt of Magma                  Conjuration/Fire/Earth       5
   c - Statue Form                    Transmutation/Earth          6
   d - Iron Shot                      Conjuration/Earth            6
   e - Shatter                        Earth                        9
 S - a book of Power

   Spells                             Type                      Level
   a - Fulminant Prism                Conjuration/Hexes            4
   b - Iskenderun's Mystic Blast      Conjuration                  4
   c - Venom Bolt                     Conjuration/Poison           5
   d - Bolt of Magma                  Conjuration/Fire/Earth       5
   e - Iron Shot                      Conjuration/Earth            6
   f - Orb of Destruction             Conjuration                  7
   g - Spellforged Servitor           Conjuration/Summoning        7
 T - a book of Party Tricks

   Spells                             Type                      Level
   a - Summon Butterflies             Summoning                    1
   b - Apportation                    Translocation                1
   c - Tukima's Dance                 Hexes                        3
   d - Alistair's Intoxication        Transmutation/Poison         5
   e - Invisibility                   Hexes                        6
 Z - a book of Debilitation

   Spells                             Type                      Level
   a - Corona                         Hexes                        1
   b - Slow                           Hexes                        2
   c - Gell's Gravitas                Hexes/Translocation          3
   d - Inner Flame                    Hexes/Fire                   3
   e - Cause Fear                     Hexes                        4
   f - Leda's Liquefaction            Hexes/Earth                  4
Comestibles
 b - 23 meat rations
 r - 14 beef jerkies
 D - 8 royal jellies


   Skills:
 + Level 11.9 Fighting
 + Level 16.3 Dodging
 + Level 17.9 Stealth
 + Level 12.1 Unarmed Combat
 + Level 11.2 Spellcasting
 + Level 10.0 Conjurations
 + Level 16.9 Hexes
 + Level 8.6 Ice Magic
 - Level 3.4 Invocations
 - Level 5.3 Evocations


You had 11 spell levels left.
You knew the following spells:

 Your Spells              Type           Power        Failure   Level  Hunger
a - Corona                Hex            ######.      0%          1    None
b - Ensorcelled Hibernat  Hex/Ice        ######       1%          2    None
c - Tukima's Dance        Hex            ######..     1%          3    None
d - Dazzling Spray        Conj/Hex       ######       1%          3    None
e - Invisibility          Hex            ######..     1%          6    ######.
f - Darkness              Hex            ######....   1%          6    ######.
g - Fulminant Prism       Conj/Hex       ######....   1%          4    ##.....


Dungeon Overview and Level Annotations

Branches:
Dungeon (15/15)            Temple (1/1) D:4            Lair (8/8) D:8
  Swamp (1/4) Lair:4        Snake (3/4) Lair:3        Slime (0/6) Lair:7
    Orc (2/2) D:9             Elf (3/3) Orc:2        Vaults (0/5) D:13
 Depths (2/5) D:15

Altars:
Ashenzari
Cheibriados
Dithmenos
Elyvilon
Fedhas
Gozag
Kikubaaqudgha
Makhleb
Nemelex Xobeh
Okawaru
Pakellas
Qazlal
Ru
Sif Muna
Trog
Vehumet
Xom
Yredelemnul
Zin
The Shining One

Shops:
D:7 =   D:12 =   D:13 [?   D:14 %   Orc:2 %*!(*   Elf:2 }   Elf:3 ?([
Depths:2 [

Portals:
Hell: Depths:1
Ziggurat: Depths:1

Annotations:
D:6 Blork the orc
D:14 Nessos


Innate Abilities, Weirdness & Mutations

You cannot wear armour.
You are incapable of wielding weapons or throwing items.
You have sharp claws.
You have razor-sharp teeth.
You have supernaturally acute eyesight.
You are carnivorous and can eat meat at any time.
You cover ground quickly.
Your thick and shaggy fur keeps you warm (AC +3, rC+).
You have a slow metabolism.
Your sharp claws are effective at attacking unaware monsters.


Message History

* * * LOW HITPOINT WARNING * * *
You feel sick.
* * * LOW HITPOINT WARNING * * *
You are more poisoned.
The naga ritualist's toxic aura wanes.
The naga ritualist casts a spell at you.
The poison in your body grows stronger. You resist with almost no effort.
Drink which item? (? for menu, Esc to quit)
Okay, then.
Read which item? (? for menu, Esc to quit)
As you read the scroll of teleportation, it crumbles to dust.
You feel strangely unstable.
* * * LOW HITPOINT WARNING * * *
You feel very sick. The black mamba completely misses you.
Your fulminant prism crackles loudly.
The naga ritualist mumbles some strange words.
The naga ritualist begins to radiate toxic energy.
The black mamba bites you!
You die...

#..# #....#.....###......#####.
#..#####....#####.###...#.....##.
............'...............>.##.
#.#)####....####..#####.#.PPPP≈..
#.#.# #....# #....###.#P≈≈≈P≈P#
#.#.## ###### ##.##.#....P≈♣≈♣≈P#
#.#..# #.....#....≈P♣♣♣≈P#
#.##.## #..####..PPP≈♣ ♣♣≈≈ ..
#.(# #S@# #..P.≈P♣ ♣♣≈. #####(###
#S.## #....PP♣♣♣P≈P .....(..#
#*S.# #....≈≈≈)P≈≈≈ ........#
##.N###.....P≈≈≈≈P# ....(...#
#.(.........PPP.## ..####..#
#.###########..... ..
####)########(# ##.#.. ..
#.............# .#.# ..
#.(...........# +#}#


You could see a naga ritualist, 3 black mambas and a friendly fulminant prism.

Vanquished Creatures
  Rupert (D:15)
  A lich (Abyss:3)
  Kirke (Snake:1)
  Gastronok (D:9)
  3 greater nagas
  3 frost giants
  Maud (D:14)
  Louise (D:14)
  A balrug (Depths:1)
  2 very ugly things (Depths:2)
  2 stone giants (Depths:1)
  The ghost of baghtru the Cleaver, a journeyman HOFi of Okawaru (Orc:2)
  Azrael (D:15)
  A fire dragon (Depths:1)
  A yaktaur captain (Depths:1)
  4 ogre magi
  A vault guard (D:13)
  A great orb of eyes (Depths:1)
  A deep elf high priest (Elf:1)
  A rakshasa (Depths:1)
  6 naga warriors
  2 ice dragons
  3 centaur warriors
  2 entropy weavers (Depths:1)
  2 death knights
  11 hydras
  A catoblepas (D:13)
  4 anacondas
  22 dancing weapons
  A tengu warrior (D:12)
  3 shock serpents (Snake:2)
  3 death yaks (Lair:6)
  3 naga sharpshooters (Snake:3)
  4 orc high priests
  15 deep elf knights
  4 skeletal warriors (D:14)
  2 unseen horrors
  3 naga ritualists
  2 deep elf archers (Elf:1)
  5 orc knights (Orc:2)
  2 mana vipers (Snake:1)
  4 hill giants
  Pikel (D:5)
  6 wizards
  A necromancer (D:13)
  39 deep elf magi
  8 orc sorcerers
  A hornet (Swamp:1)
  A lindwurm (Lair:3)
  5 salamanders
  13 ugly things
  4 griffons
  2 manticores
  A moth of wrath (shapeshifter) (Elf:1)
  5 cyclopes
  3 guardian serpents (Snake:2)
  A toenail golem (Volcano)
  3 elephants (Lair:8)
  9 naga magi
  3 centaur zombies
  23 black mambas
  18 spiny frogs
  2 gargoyles
  Psyche (D:8)
  2 molten gargoyles (Volcano)
  An ice statue (IceCv)
  A rime drake (Lair:8)
  9 yaktaurs (Depths:1)
  10 komodo dragons
  A red devil (Depths:1)
  2 hellwings (Depths:1)
  4 freezing wraiths
  A tengu conjurer (Depths:1)
  Grinder (D:6)
  21 polar bears
  4 trolls
  A jumping spider (Depths:1)
  7 two-headed ogres
  The ghost of Noshyer the Insei, an amateur OpTm (D:5)
  A hornet zombie (D:14)
  7 blink frogs
  A boulder beetle (Lair:5)
  A shadow (D:14)
  14 slime creatures
  An air elemental (Elf:1)
  6 redbacks (Depths:1)
  2 spriggans (Depths:2)
  69 yaks
  A tarantella (Depths:1)
  2 vampires
  4 water elementals
  4 wraiths
  2 wyverns
  20 humans (D:13)
  4 basilisks
  3 hogs (Snake:1)
  10 fire elementals
  13 hippogriffs
  17 vampire mosquitoes
  2 hungry ghosts
  21 nagas
  3 wargs
  2 soldier ants (D:10)
  A spatial vortex (Abyss:3)
  3 hell hounds (D:15)
  20 water moccasins
  6 porcupines
  20 orc warriors
  10 black bears
  4 sky beasts
  A wasp (D:14)
  A phantom (D:13)
  2 eyes of draining
  20 wolves
  10 centaurs
  19 ogres
  A boggart (Depths:1)
  12 crocodiles
  32 giant frogs
  An earth elemental (Elf:3)
  2 water moccasin zombies
  A wyvern zombie (D:7)
  3 scorpions
  2 small abominations (Abyss:3)
  10 wights
  4 killer bees
  7 jellies
  An electric eel (D:11)
  3 howler monkeys
  12 crimson imps
  3 quasits
  3 giant frog zombies
  6 hounds
  6 centaur skeletons
  2 giant frog skeletons
  10 orc priests
  24 orc wizards
  Crazy Yiuf (D:6)
  A gnoll shaman (D:7)
  Jessica (D:2)
  14 iguanas
  15 worker ants
  12 sheep
  A killer bee zombie (D:7)
  A hound zombie (D:6)
  A hound skeleton (D:7)
  A howler monkey zombie (D:5)
  26 adders
  6 gnolls
  14 river rats
  5 shadow imps
  5 oozes
  An adder zombie (D:9)
  2 adder skeletons
  3 worms (D:3)
  4 dart slugs
  9 giant geckos
  74 orcs
  6 ball pythons
  13 giant cockroaches
  7 hobgoblins
  15 jackals
  14 kobolds
  2 quokkas (D:2)
  A ball python zombie (D:6)
  7 bats
  A giant cockroach zombie (D:6)
  A giant gecko zombie (D:5)
  7 giant newts
  8 goblins
  A jackal skeleton (D:5)
  9 rats
  4 fire vortices (Volcano)
  2 plants (Sewer)
1116 creatures vanquished.

Vanquished Creatures (collateral kills)
  A hill giant (D:15)
  An orc knight (Orc:1)
  A warg (Orc:2)
  A porcupine (Lair:1)
  10 ogres
  3 wights
  2 orc priests
  An orc wizard (D:11)
  4 orcs
24 creatures vanquished.

Vanquished Creatures (others)
  A hydra (Lair:7)
  A naga mage (Snake:3)
  A yaktaur (Depths:1)
  16 dancing weapons
  An orc (Orc:2)
  99 bushes (Depths:2)
  14 fulminant prisms
  6 fungi
  13 plants
152 creatures vanquished.

Grand Total: 1292 creatures vanquished

Notes
Turn   | Place    | Note
--------------------------------------------------------------
     0 | D:1      | dawcakrwi the Felid Enchanter began the quest for the Orb.
     0 | D:1      | Reached XP level 1. HP: 7/7 MP: 4/4
   394 | D:1      | Reached XP level 2. HP: 9/12 MP: 6/6
   413 | D:1      | Learned a level 2 spell: Ensorcelled Hibernation
  1192 | D:2      | Noticed a sky beast
  1278 | D:2      | Reached XP level 3. HP: 8/15 MP: 2/7
  1521 | D:2      | Reached skill level 5 in Stealth
  1746 | D:2      | Found a shadowy altar of Dithmenos.
  1758 | D:2      | Became a worshipper of Dithmenos the Shadowed
  1947 | D:2      | Found an iron altar of Okawaru.
  1979 | D:2      | Reached skill level 1 in Fighting
  2466 | D:3      | Reached XP level 4. HP: 12/19 MP: 5/8
  2661 | D:3      | Found a stormy altar of Qazlal.
  2791 | D:3      | Learned a level 3 spell: Tukima's Dance
  2811 | D:3      | Found a glowing silver altar of Zin.
  2818 | D:3      | Found a stormy altar of Qazlal.
  2968 | D:3      | Reached skill level 6 in Stealth
  3809 | D:4      | Reached * piety under Dithmenos
  3809 | D:4      | Reached XP level 5. HP: 22/22 MP: 9/9
  3818 | D:4      | Reached skill level 5 in Hexes
  3916 | D:4      | Found a staircase to the Ecumenical Temple.
  3932 | Temple   | Entered the Ecumenical Temple
  4474 | Temple   | Reached skill level 1 in Invocations
  4474 | Temple   | Gained mutation: You are covered in thick fur (AC +2). [Felid growth]
  4474 | Temple   | Reached XP level 6. HP: 25/25 MP: 5/10
  4539 | D:4      | Found an opulent altar of Gozag.
  4577 | D:4      | Found a sacrificial altar of Ru.
  4581 | D:4      | Found a shimmering altar of Xom.
  4582 | D:4      | Found an ancient bone altar of Kikubaaqudgha.
  4585 | D:4      | Found a sparkling altar of Nemelex Xobeh.
  4935 | D:5      | Entered Level 5 of the Dungeon
  5059 | D:5      | Noticed Noshyer's ghost (amateur OpTm)
  5070 | D:5      | Found a white marble altar of Elyvilon.
  5432 | D:5      | Reached skill level 7 in Stealth
  5462 | D:5      | Reached XP level 7. HP: 30/30 MP: 3/12
  5560 | D:5      | Noticed Pikel
  6122 | D:2      | Noticed Jessica
  6128 | D:2      | Killed Jessica
  6449 | D:6      | Learned a level 3 spell: Dazzling Spray
  6459 | D:6      | Reached ** piety under Dithmenos
  6510 | D:6      | Found a glowing drain.
  6577 | Sewer    | Entered a sewer
  6815 | Sewer    | Reached skill level 8 in Stealth
  7440 | D:6      | Noticed Crazy Yiuf
  7441 | D:6      | Killed Crazy Yiuf
  7472 | D:6      | Reached skill level 5 in Dodging
  7521 | D:6      | Reached XP level 8. HP: 33/34 MP: 2/13
  8226 | D:7      | Reached *** piety under Dithmenos
  8520 | D:6      | Reached skill level 9 in Stealth
  8790 | D:6      | Noticed Blork the orc
  8890 | D:6      | Noticed Grinder
  9189 | D:7      | Reached XP level 9. HP: 39/39 MP: 6/15
  9725 | D:7      | Found Veradug's Jewellery Boutique.
  9835 | D:8      | Found a shattered altar of Ashenzari.
  9884 | D:8      | Noticed Psyche
  9894 | D:8      | Killed Psyche
  9894 | D:8      | Reached skill level 10 in Stealth
 10123 | D:8      | Found a burning altar of Makhleb.
 10301 | D:8      | Reached **** piety under Dithmenos
 10314 | D:8      | Found a shattered altar of Ashenzari.
 11342 | D:5      | Killed Noshyer's ghost
 11405 | D:5      | Killed Pikel
 11405 | D:5      | Reached skill level 10 in Hexes
 11405 | D:5      | Reached XP level 10. HP: 43/43 MP: 14/18
 11576 | D:6      | Reached skill level 11 in Stealth
 11583 | D:6      | Killed Grinder
 12036 | D:6      | Reached skill level 5 in Unarmed Combat
 13232 | D:8      | Reached skill level 5 in Spellcasting
 13324 | D:8      | Found a staircase to the Lair.
 13623 | D:9      | Found a staircase to the Orcish Mines.
 13648 | Orc:1    | Entered Level 1 of the Orcish Mines
 13799 | Orc:1    | Reached skill level 5 in Fighting
 13932 | Orc:1    | Noticed an orc knight
 13932 | Orc:1    | Noticed an orc sorcerer
 14296 | D:9      | Noticed Gastronok
 14374 | D:10     | Entered Level 10 of the Dungeon
 14374 | D:10     | Noticed an unseen horror
 14376 | D:10     | Killed an unseen horror
 14376 | D:10     | Reached skill level 1 in Evocations
 14745 | D:9      | Noticed a cyclops
 14764 | D:9      | Reached skill level 1 in Conjurations
 14774 | D:9      | Reached skill level 10 in Dodging
 15702 | D:7      | Bought a +6 ring of dexterity for 760 gold pieces
 15778 | Lair:1   | Entered Level 1 of the Lair of Beasts
 15884 | Lair:1   | Noticed a spiny frog
 15896 | Lair:1   | Killed a spiny frog
 16253 | Lair:1   | Noticed a spiny frog
 16256 | Lair:1   | Noticed a spiny frog
 16260 | Lair:1   | Killed a spiny frog
 16260 | Lair:1   | Reached XP level 11. HP: 48/48 MP: 20/20
 16290 | Lair:1   | Reached skill level 12 in Stealth
 16474 | Lair:1   | Reached skill level 1 in Ice Magic
 16997 | Lair:1   | Reached ***** piety under Dithmenos
 17975 | D:11     | Noticed a six-headed hydra
 18171 | D:11     | Noticed a red ugly thing
 18626 | Lair:2   | Gained mutation: Your thick and shaggy fur keeps you warm (AC +3, rC+). [Felid growth]
 18626 | Lair:2   | Reached XP level 12. HP: 38/53 MP: 22/22
 18658 | Lair:2   | Noticed a four-headed hydra
 18663 | Lair:2   | Killed a four-headed hydra
 19194 | Lair:3   | Noticed a seven-headed hydra
 19201 | Lair:3   | Killed a seven-headed hydra
 19219 | Lair:3   | Found a staircase to the Snake Pit.
 19324 | Lair:3   | Reached skill level 13 in Stealth
 19432 | Lair:3   | Found a dark tunnel.
 19479 | Volcano  | Entered a volcano
 19847 | Volcano  | Reached skill level 5 in Ice Magic
 20152 | Volcano  | Engulfed by a cloud of flame
 20153 | Volcano  | Reached XP level 11. HP: -15/50 MP: 21/21
 20536 | Lair:3   | Reached skill level 5 in Evocations
 20866 | Lair:4   | Reached XP level 12. HP: 42/54 MP: 23/23
 21064 | Lair:4   | Found a staircase to the Swamp.
 21068 | Lair:4   | You fall through a shaft!
 21375 | Lair:5   | Noticed a four-headed hydra
 21397 | Lair:5   | Killed a four-headed hydra
 21923 | Lair:4   | Noticed a four-headed hydra
 21930 | Lair:4   | Killed a four-headed hydra
 22107 | Lair:4   | Noticed a seven-headed hydra
 22114 | Lair:4   | Killed a seven-headed hydra
 22338 | Lair:4   | Found an oddly glowing altar of Pakellas.
 22637 | Lair:6   | Noticed a death yak
 22640 | Lair:6   | Noticed a death yak
 22762 | Lair:6   | Reached skill level 5 in Conjurations
 23355 | Lair:7   | Found a staircase to the Slime Pits.
 23362 | Lair:7   | Noticed a six-headed hydra
 23366 | Lair:7   | Reached ****** piety under Dithmenos
 23367 | Lair:7   | Killed a six-headed hydra
 23796 | Lair:7   | Reached skill level 14 in Stealth
 23995 | Lair:7   | Reached XP level 13. HP: 53/58 MP: 22/25
 24494 | Lair:8   | Entered Level 8 of the Lair of Beasts
 24580 | Lair:8   | Found a frozen archway.
 24772 | IceCv    | Entered an ice cave
 25241 | IceCv    | Noticed a frost giant
 25910 | IceCv    | Killed a frost giant
 27130 | D:11     | Reached XP level 14. HP: 63/63 MP: 24/27
 28582 | D:12     | Found Bohoh's Jewellery Boutique.
 28703 | D:12     | Reached skill level 15 in Stealth
 29528 | D:13     | Found Deney's Magic Scroll Shop.
 30002 | Orc:2    | Entered Level 2 of the Orcish Mines
 30396 | Orc:2    | Found a staircase to the Elven Halls.
 30468 | Orc:2    | Found Xanol's General Store.
 30488 | Orc:2    | Noticed baghtru's ghost (journeyman HOFi)
 30590 | Orc:2    | Killed baghtru's ghost
 30602 | Orc:2    | Bought a meat ration for 70 gold pieces
 30602 | Orc:2    | Bought a scroll of blinking for 105 gold pieces
 31589 | Orc:2    | Found Zulyuwin's Food Shoppe.
 31589 | Orc:2    | Found Melavit's Assorted Antiques.
 31595 | Orc:2    | Found Zieclye's Distillery.
 31595 | Orc:2    | Found Ulohec's Weapon Boutique.
 31602 | Orc:2    | Bought a beef jerky for 16 gold pieces
 31602 | Orc:2    | Bought a meat ration for 55 gold pieces
 31602 | Orc:2    | Bought a beef jerky for 16 gold pieces
 31607 | Orc:2    | Bought a potion of curing for 75 gold pieces
 31607 | Orc:2    | Bought a potion of curing for 75 gold pieces
 31611 | Orc:2    | Bought a potion of haste for 130 gold pieces
 31611 | Orc:2    | Bought a potion of heal wounds for 65 gold pieces
 31611 | Orc:2    | Bought a potion of curing for 39 gold pieces
 31611 | Orc:2    | Bought a potion of curing for 39 gold pieces
 31955 | D:13     | Found Kecoe's Antique Armour Shop.
 32218 | D:13     | Bought a scroll of magic mapping for 45 gold pieces
 32218 | D:13     | Bought a scroll of teleportation for 39 gold pieces
 32218 | D:13     | Bought a scroll of identify for 26 gold pieces
 32218 | D:13     | Bought a scroll of acquirement for 676 gold pieces
 32284 | D:13     | Reached skill level 10 in Unarmed Combat
 32412 | D:13     | Learned a level 6 spell: Invisibility
 32690 | D:13     | Reached XP level 15. HP: 69/69 MP: 5/29
 33023 | D:13     | Found a gate to the Vaults.
 33391 | D:15     | Entered Level 15 of the Dungeon
 33933 | D:15     | Reached skill level 15 in Hexes
 34087 | D:14     | Reached skill level 16 in Stealth
 34308 | D:15     | Found a staircase to the Depths.
 34314 | D:15     | Reached skill level 10 in Fighting
 34342 | Depths:1 | Entered Level 1 of the Depths
 34844 | D:15     | Noticed Azrael
 34858 | D:15     | Noticed Rupert
 34865 | D:15     | Killed Rupert
 34902 | D:15     | Learned a level 6 spell: Darkness
 34928 | D:14     | Noticed Nessos
 34992 | D:14     | Found Qonor's Food Shoppe.
 35014 | D:14     | Bought a beef jerky for 18 gold pieces
 35014 | D:14     | Bought a beef jerky for 18 gold pieces
 35139 | D:14     | Found a blossoming altar of Fedhas.
 35310 | D:14     | Noticed Louise
 35317 | D:14     | Killed Louise
 35485 | D:13     | Bought 3 scrolls of identify for 78 gold pieces
 35485 | D:13     | Bought a scroll of identify for 26 gold pieces
 35485 | D:13     | Bought a scroll of identify for 26 gold pieces
 35647 | Elf:1    | Entered Level 1 of the Elven Halls
 35808 | Swamp:1  | Entered Level 1 of the Swamp
 35860 | Swamp:1  | Mangled by a six-headed hydra
 35861 | Swamp:1  | Reached XP level 14. HP: -8/66 MP: 28/28
 37185 | Elf:1    | Reached XP level 15. HP: 70/70 MP: 29/29
 37509 | Elf:1    | Reached skill level 10 in Spellcasting
 38290 | Elf:2    | Found Rucobb's Gadget Shop.
 38389 | Elf:2    | Reached skill level 15 in Dodging
 38435 | Elf:2    | Found a runed gate.
 38435 | Elf:2    | Found a runed gate.
 38435 | Elf:2    | Found a runed gate.
 39870 | Elf:3    | Entered Level 3 of the Elven Halls
 39870 | Elf:3    | Found Saejosk's Weapon Boutique.
 39929 | Elf:3    | Found an ancient bone altar of Kikubaaqudgha.
 39991 | Elf:3    | Found Togunaed's Armour Shoppe.
 40365 | Depths:1 | Noticed a frost giant
 40433 | D:15     | Reached skill level 17 in Stealth
 40445 | D:15     | Killed Azrael
 40548 | D:14     | Noticed Maud
 40550 | D:14     | Killed Maud
 40550 | D:14     | Reached XP level 16. HP: 73/75 MP: 24/31
 40642 | D:14     | Bought a meat ration for 60 gold pieces
 40642 | D:14     | Bought a meat ration for 60 gold pieces
 40642 | D:14     | Bought a meat ration for 60 gold pieces
 41506 | D:9      | Killed Gastronok
 41730 | Snake:1  | Entered Level 1 of the Snake Pit
 41862 | Snake:1  | Cast into level 3 of the Abyss (a Zot trap)
 41911 | Abyss:3  | Noticed a lich
 41932 | Abyss:3  | Noticed a bone dragon
 41944 | Abyss:3  | Found a corrupted altar of Lugonu.
 41976 | Abyss:3  | Noticed a lich
 41999 | Abyss:3  | Killed a lich
 42084 | Snake:1  | Escaped the Abyss
 42408 | Snake:1  | Noticed Kirke
 43183 | Snake:1  | Killed Kirke
 43198 | Snake:2  | Found a sacrificial altar of Ru.
 43419 | Snake:2  | Slain by a naga warrior
 43420 | Snake:2  | Reached XP level 15. HP: -1/71 MP: 1/30
 43913 | Elf:3    | Found Ginen's Magic Scroll Emporium.
 43917 | Elf:3    | Bought a scroll of summoning for 180 gold pieces
 44017 | Elf:3    | Noticed a deep elf sorcerer
 44017 | Elf:3    | Noticed a deep elf sorcerer
 44019 | Elf:3    | Noticed a deep elf blademaster
 44019 | Elf:3    | Noticed a deep elf blademaster
 44020 | Elf:3    | Noticed a deep elf sorcerer
 44027 | Elf:3    | Cast into level 3 of the Abyss (a deep elf demonologist)
 44091 | Elf:3    | Escaped the Abyss
 44092 | Elf:3    | Noticed a Tzitzimitl
 44100 | Elf:3    | Noticed a Brimstone Fiend
 44102 | Elf:3    | Noticed an Executioner
 44106 | Elf:3    | Noticed a deep elf master archer
 44110 | Elf:3    | Killed from afar by a deep elf annihilator
 44111 | Elf:3    | Reached XP level 14. HP: -51/67 MP: 22/29
 44623 | D:15     | Killed a frost giant
 44689 | Depths:1 | Noticed a stone giant
 44692 | Depths:1 | Killed a stone giant
 44719 | Depths:1 | Noticed an angel
 44720 | Depths:1 | Found a gateway to a ziggurat.
 44720 | Depths:1 | Noticed an angel
 44720 | Depths:1 | Noticed a frost giant
 44897 | Depths:1 | Noticed a balrug
 44939 | Depths:1 | Noticed a stone giant
 44962 | Depths:1 | Learned a level 4 spell: Fulminant Prism
 45027 | Depths:2 | Noticed a frost giant
 45028 | Depths:2 | Killed a frost giant
 45179 | Depths:2 | Found Plog's Antique Armour Shoppe.
 45271 | Depths:2 | Noticed a stone giant
 45357 | Depths:2 | Noticed a purple very ugly thing
 45476 | Depths:2 | Noticed a purple very ugly thing
 45494 | Depths:2 | Killed a purple very ugly thing
 45499 | Depths:2 | Killed a purple very ugly thing
 45663 | Depths:1 | Noticed an angel
 45708 | Depths:1 | Reached XP level 15. HP: 27/71 MP: 6/30
 46409 | Depths:1 | Found a gateway to Hell.
 46680 | Snake:2  | Noticed a greater naga
 46682 | Snake:2  | Killed a greater naga
 47632 | Snake:3  | Noticed a greater naga
 47634 | Snake:3  | Killed a greater naga
 47654 | Snake:3  | Noticed a greater naga
 47741 | Snake:3  | Killed a greater naga
 47986 | Snake:3  | Reached skill level 10 in Conjurations
 48007 | Snake:3  | Slain by a black mamba

Skill      XL: |  1  2  3  4  5  6  7  8  9 10 11 12 13 14 15 16 |
---------------+-------------------------------------------------+-----
Stealth        | 5 6 7 8 9 10 11 12 14 15 17 | 17.9
Fighting       | 1 2 3 4 5 6 7 8 9 11 | 11.9
Dodging        | 3 4 5 7 8 10 11 12 13 16 15 | 16.3
Unarmed Combat | 2 3 4 5 6 8 9 10 12 | 12.1
Hexes          | 5 6 7 8 10 11 12 13 14 16 | 16.9
Invocations    | 1 3 |  3.4
Spellcasting   | 3 4 5 6 7 8 9 11 | 11.2
Evocations     | 3 5 4 |  5.3
Conjurations   | 1 3 5 6 7 10 | 10.0
Ice Magic      | 3 6 7 8 |  8.6

Action                   |  1- 3 |  4- 6 |  7- 9 | 10-12 | 13-15 | 16-18 || total
-------------------------+-------+-------+-------+-------+-------+-------++-------
Melee: Unarmed           |    84 |    91 |   512 |   578 |  1035 |    82 ||  2382
       Bite              |     9 |     9 |    64 |    43 |   123 |     8 ||   256
       Punch             |       |     2 |     9 |    15 |    47 |     7 ||    80
 Cast: Ensorcelled Hiber |    15 |    36 |    91 |   120 |   209 |    22 ||   493
       Tukima's Dance    |       |     2 |    15 |     3 |    52 |     2 ||    74
       Dazzling Spray    |       |       |    13 |    74 |   388 |    46 ||   521
       Corona            |       |       |     1 |       |       |       ||     1
       Invisibility      |       |       |       |       |    12 |     3 ||    15
       Fulminant Prism   |       |       |       |       |    15 |       ||    15
       Darkness          |       |       |       |       |       |     1 ||     1
Invok: Shadow Step       |       |       |       |     3 |    15 |     1 ||    19
  Use: Scroll            |    11 |     3 |     7 |     8 |    25 |     1 ||    55
       Potion            |       |     1 |     2 |     8 |    17 |       ||    28
 Stab: Sleeping          |    25 |    34 |    71 |   190 |   296 |    31 ||   647
       Distracted        |     1 |       |     5 |     4 |     7 |     1 ||    18
       Invisible         |       |       |     1 |    22 |    92 |     5 ||   120
  Eat: Chunk             |    11 |     8 |    19 |    32 |    44 |     9 ||   123
       Pizza             |       |       |       |       |     4 |       ||     4
       Royal jelly       |       |       |       |       |     2 |       ||     2
Armor: Skin              |     5 |     1 |    11 |    12 |    15 |       ||    44
Dodge: Dodged            |    73 |    57 |   397 |   624 |  1361 |   116 ||  2628
